 Dungeon Crawl Stone Soup version 0.31-a0-152-g6aa68a64a1 (webtiles) character file.

Game seed: 12294970375511556959

165 qw the Chopper (level 5, 0/32 HPs)
             Began as a Gargoyle Fighter on June 10, 2023.
             Slain by Sigmund
             ... wielding a +0 scythe
              (7 damage)
             ... on level 3 of the Dungeon.
             The game lasted 00:01:17 (2211 turns).

qw the Chopper (Gargoyle Fighter)                   Turns: 2211, Time: 00:01:17

Health: 0/32       AC: 16    Str: 21    XL:     5   Next: 46%
Magic:  5/5        EV:  5    Int:  9    God:
Gold:   93         SH:  4    Dex:  9    Spells: 4/4 levels left

rFire   . . .        Y - +0 war axe
rCold   . . .        c - +0 buckler
rNeg    + . .        g - +0 plate armour
rPois   inf          l - +1 hat
rElec   +            (no cloak)
rCorr   .            (no gloves)
SInv    .            (no boots)
Will    .....        (no amulet) Stlth
                     (no ring)
HPRegen 0.25/turn    (no ring)
MPRegen 0.09/turn

%: no passive effects
@: no status effects
A: sickness immunity, AC +4, negative energy resistance 1, electricity
resistance, torment resistance 1, petrification resistance
a: no special abilities


You were on level 3 of the Dungeon.
You visited 1 branch of the dungeon, and saw 3 of its levels.

You collected 162 gold pieces.
You spent 69 gold pieces at shops.


Innate Abilities, Weirdness & Mutations

You are immune to sickness and miasma.
Your stone body is resilient. (AC +4)
You are immune to poison.
You resist negative energy. (rN+)
You are resistant to electric shocks. (rElec)
You are resistant to unholy torment.
You are immune to petrification.


   Skills:
 + Level 3.3 Fighting
 - Level 5.0 Axes
 - Level 3.2 Armour
 - Level 3.2 Shields


You had 4 spell levels left.
You didn't know any spells.
Your spell library was empty.

Inventory:

Hand Weapons
 n - a +0 mace
 Y - a +0 war axe (weapon)
Armour
 c - a +0 buckler (worn)
 g - a +0 plate armour (worn)
 l - a +1 hat (worn)
Scrolls
 a - a scroll of identify
 b - a scroll of noise {unknown}
Potions
 d - a potion of might
 e - a potion of lignification {unknown}
 f - a potion of curing {unknown}
 h - a potion of heal wounds
 j - a potion of haste {unknown}

Dungeon Overview and Level Annotations

Branches:
Dungeon (3/15)

Altars:
Cheibriados
Makhleb

Shops:
D:2 (

Annotations:
D:3 Sigmund


Message History

You swing at nothing.
You hear some strange, mumbled words.
Something tries to affect you, but you resist.
Something hits you but does no damage.
You swing at nothing.
You swing at nothing.
Something hits you but does no damage.
You swing at nothing.
You hear some strange, mumbled words.
Something tries to affect you, but you resist.
Something hits you but does no damage.
You swing at nothing.
You swing at nothing.
You hear some strange, mumbled words.
Something tries to affect you, but you resist.
A magic dart appears from out of thin air!
The magic dart hits you but does no damage.
You swing at nothing.
Something hits you but does no damage.
You swing at nothing.
You swing at nothing.
Something completely misses you.
You swing at nothing.
Something hits you.
You swing at nothing.
You hear some strange, mumbled words.
A puff of flame appears from out of thin air!
The puff of flame hits you but does no damage.
You swing at nothing.
Something hits you but does no damage.
You swing at nothing.
Something hits you.
You swing at nothing.
You block something's attack.
You swing at nothing.
Something hits you but does no damage.
You swing at nothing.
You swing at nothing.
Something hits you!
You die...

.#. ## #.. ..# #.# #.# #.#
#.# #### #.# ##.## ########
..# #.# #.... #......# #.#
#.# #.#.#
#...##.#####)###.######...#
#.........@){.............#
#<.%##....>.)....######.#..
#
#..#########.####..........
.....##..# #.# #.###.#.###
#..##..# #.# #.# #)#.#
#......# #.. ..# #.#.#
##.###.# ### ##.# #.#.###
#.# #.# #.# #.#.... #.# #.#
#.# #.#####


There were no monsters in sight!

Vanquished Creatures
  An iron imp (D:3)
  Jessica (D:3)
  4 adders
  A dart slug (D:1)
  4 orcs (D:3)
  3 ball pythons
  5 endoplasms
  3 giant cockroaches
  6 goblins
  6 hobgoblins
  6 jackals
  8 kobolds
  3 quokkas
  2 bats
  3 frilled lizards
  4 rats
60 creatures vanquished.

Vanquished Creatures (others)
  A kobold (D:1)
1 creature vanquished.

Grand Total: 61 creatures vanquished

Notes
Turn   | Place    | Note
-------+----------+-------------------------------------------
     0 | D:1      | qw the Gargoyle Fighter began the quest for the Orb.
     0 | D:1      | Reached XP level 1. HP: 14/14 MP: 1/1
     0 | D:1      | 0 ||| qw: Version: 0.2-a-123-gb51047a
     0 | D:1      | 0 ||| qw: Game counter: 3739
     0 | D:1      | 0 ||| qw: Always use a shield: true
     0 | D:1      | 0 ||| qw: God list: Okawaru
     0 | D:1      | 0 ||| qw: Allow faded altars: false
     0 | D:1      | 0 ||| qw: Do Orc after D:15 true
     0 | D:1      | 0 ||| qw: Do second Lair branch before Depths: true
     0 | D:1      | 0 ||| qw: Lair rune preference: random
     0 | D:1      | 0 ||| qw: Plans: Normal, Zot:1-4, Slime:5, God:TSO, Crypt,
                  | Tomb, Abyss, Pan, Hells, Win
     0 | D:1      | 0 ||| PLANNING D:1-11
    50 | D:1      | Reached skill level 2 in Axes
    82 | D:1      | Reached XP level 2. HP: 19/19 MP: 2/2
    85 | D:1      | 85 ||| DROPPING +0 club.
   139 | D:1      | 139 ||| Stepping ~*~*~tactically~*~*~ (stealth).
   226 | D:1      | 226 ||| FLEEEEING.
   227 | D:1      | 227 ||| FLEEEEING.
   229 | D:1      | 229 ||| FLEEEEING.
   230 | D:1      | 230 ||| FLEEEEING.
   231 | D:1      | 231 ||| FLEEEEING.
   232 | D:1      | 232 ||| FLEEEEING.
   233 | D:1      | 233 ||| FLEEEEING.
   234 | D:1      | 234 ||| FLEEEEING.
   271 | D:1      | 271 ||| Stepping ~*~*~tactically~*~*~ (stealth).
   359 | D:1      | 359 ||| Stepping ~*~*~tactically~*~*~ (stealth).
   366 | D:1      | Reached skill level 3 in Axes
   421 | D:1      | Reached XP level 3. HP: 21/23 MP: 3/3
   679 | D:1      | 679 ||| UPGRADING to +0 plate armour.
   692 | D:1      | 692 ||| UPGRADING to +0 plate armour.
   699 | D:1      | 699 ||| FLEEEEING.
   700 | D:1      | 700 ||| FLEEEEING.
   721 | D:1      | 721 ||| UPGRADING to +0 scale mail.
   726 | D:1      | 726 ||| UPGRADING to +0 plate armour.
   736 | D:1      | 736 ||| DROPPING +0 scale mail.
   748 | D:1      | 748 ||| READING scroll labelled YFORCH DUVANO.
   749 | D:1      | 749 ||| DRINKING 2 coppery potions.
   964 | D:2      | 964 ||| Stepping ~*~*~tactically~*~*~ (stealth).
   976 | D:2      | Reached XP level 4. HP: 26/28 MP: 4/4
  1201 | D:2      | Found Upoen's Antique Weapon Emporium.
  1212 | D:2      | 1212 ||| BUYING mace (69 gold).
  1212 | D:2      | Bought a mace for 69 gold pieces
  1212 | D:2      | 1212 ||| DROPPING +0 whip.
  1360 | D:2      | Found a burning altar of Makhleb.
  1393 | D:2      | Reached skill level 4 in Axes
  1697 | D:2      | 1697 ||| UPGRADING to +1 hat.
  1702 | D:2      | 1702 ||| READING scroll labelled SAASTR UCUABIV.
  1703 | D:2      | 1703 ||| READING scroll labelled WYULOE PEGI.
  1704 | D:2      | 1704 ||| READING scroll labelled ULUGHU SEANA.
  1805 | D:2      | 1805 ||| READING scroll labelled REFUYS QYITYNN.
  1806 | D:2      | 1806 ||| READING scroll labelled PISSYN MAPHU.
  1854 | D:3      | Noticed Jessica
  1860 | D:3      | Killed Jessica
  2068 | D:3      | Reached XP level 5. HP: 29/32 MP: 5/5
  2143 | D:3      | Found a snail-covered altar of Cheibriados.
  2143 | D:3      | Noticed Sigmund
  2144 | D:3      | 2144 ||| Stepping ~*~*~tactically~*~*~ (stealth).
  2146 | D:3      | 2146 ||| Stepping ~*~*~tactically~*~*~ (stealth).
  2148 | D:3      | 2148 ||| Stepping ~*~*~tactically~*~*~ (hiding).
  2149 | D:3      | 2149 ||| Stepping ~*~*~tactically~*~*~ (hiding).
  2167 | D:3      | Reached skill level 5 in Axes
  2167 | D:3      | 2167 ||| FLEEEEING.
  2167 | D:3      | HP: 4/32 [something (8)]
  2168 | D:3      | 2168 ||| FLEEEEING.
  2169 | D:3      | 2169 ||| FLEEEEING.
  2170 | D:3      | 2170 ||| FLEEEEING.
  2171 | D:3      | 2171 ||| FLEEEEING.
  2172 | D:3      | 2172 ||| FLEEEEING.
  2173 | D:3      | 2173 ||| FLEEEEING.
  2174 | D:3      | 2174 ||| FLEEEEING.
  2175 | D:3      | 2175 ||| FLEEEEING.
  2176 | D:3      | 2176 ||| FLEEEEING.
  2177 | D:3      | 2177 ||| FLEEEEING.
  2178 | D:3      | 2178 ||| FLEEEEING.
  2179 | D:3      | 2179 ||| FLEEEEING.
  2180 | D:3      | 2180 ||| FLEEEEING.
  2181 | D:3      | 2181 ||| FLEEEEING.
  2182 | D:3      | 2182 ||| FLEEEEING.
  2183 | D:3      | 2183 ||| FLEEEEING.
  2184 | D:3      | 2184 ||| FLEEEEING.
  2185 | D:3      | 2185 ||| FLEEEEING.
  2186 | D:3      | 2186 ||| DRINKING 2 potions of heal wounds.
  2193 | D:3      | HP: 4/32 [something (9)]
  2204 | D:3      | HP: 6/32 [something (1)]
  2211 | D:3      | Slain by Sigmund

Levels and vault maps discovered:
D:1:      minmay_arrival_diagonal_passages, layout_loops_ring,
          lemuel_flame_loot_1
D:2:      layout_basic, basic_altar, serial_shops, nicolae_shop_waterfront,
          nicolae_hexahallways
D:3:      layout_loops_ring, nicolae_qazlal_scattered_showers, slow_altar_1,
          grunt_temple_overflow_diamond, grunt_temple_overflow_opulence,
          uniq_jessica, uniq_sigmund, uniq_grinder

Skill      XL: |  1  2  3  4  5 |
---------------+----------------+-----
Axes           | 2 3 4 5 |  5.0
Fighting       | |  3.3
Armour         | |  3.2
Shields        | |  3.2

Action                     |  1- 3 |  4- 6 || total
---------------------------+-------+-------++-------
  Melee: War axe           |    92 |    92 ||   184
    Use: Scroll            |     1 |     5 ||     6
         Potion            |     1 |     1 ||     2
 Armour: Scale mail        |    24 |       ||    24
         Plate armour      |    20 |    80 ||   100
         Skin              |     4 |       ||     4
  Dodge: Dodged            |    31 |    20 ||    51
  Block: Buckler           |    16 |    20 ||    36

Table legend:
 A = Non-vault XP
 B = Vault XP
 C = Vault XP percentage of total XP
 D = Non-vault monster count
 E = Vault monster count
 F = Vault count percentage of total count
                 A         B        C        D         E       F
            +---------+---------+-------+---------+---------+-------
      Total |     156 |      80 |  33.9 |      58 |       2 |   3.3
            +---------+---------+-------+---------+---------+-------
        D:1 |      46 |       0 |   0.0 |      25 |       0 |   0.0
        D:2 |      61 |       0 |   0.0 |      21 |       0 |   0.0
        D:3 |      49 |      80 |  62.0 |      12 |       2 |  14.3
            +---------+---------+-------+---------+---------+-------
